 Dungeon Crawl Stone Soup version 0.30-a0-1043-g60ff8d5f49 (webtiles) character file.

Game seed: 11666184621226328745

984 cheesebisquit the Frost Mage (level 8, -2/57 HPs)
             Began as a Merfolk Ice Elementalist on Apr 10, 2023.
             Slain by Grinder (5 damage)
             ... on level 5 of the Dungeon.
             The game lasted 00:17:12 (5943 turns).

cheesebisquit the Frost Mage (MfIE)                 Turns: 5943, Time: 00:17:12

Health: -2/57      AC: 11    Str:  8    XL:     8   Next: 18%
Magic:  2/14       EV: 13    Int: 16    God:
Gold:   43         SH:  0    Dex: 15    Spells: 5/16 levels left

rFire   . . .      SeeInvis .    w - +0 trident
rCold   . . .      Faith    .    (no shield)
rNeg    . . .      Spirit   .    a - +0 robe
rPois   .          Reflect  .    (no helmet)
rElec   .          Rampage  .    s - +0 cloak
rCorr   .                        (no gloves)
Will    +....                    c - +0 pair of boots
Stlth   ++                       (no amulet)
HPRegen 0.29/turn                i - ring of willpower
MPRegen 0.14/turn                (no ring)

@: ice-armoured, on berserk cooldown, freezing walls, slowed, very slow
A: (nimble swimmer 2), mertail
a: no special abilities


You were on level 5 of the Dungeon.
You visited 2 branches of the dungeon, and saw 6 of its levels.

You collected 211 gold pieces.
You spent 168 gold pieces at shops.

Inventory:

Hand Weapons
 w - a +0 trident (weapon)
Missiles
 u - 6 poisoned darts
 x - a throwing net
Armour
 a - a +0 robe (worn)
 c - a +0 pair of boots (worn)
 f - a +2 ring mail of poison resistance
 s - a +0 cloak (worn)
Jewellery
 i - a ring of willpower (left hand)
Scrolls
 d - 2 scrolls of magic mapping
 h - a scroll of blinking
 j - a scroll of immolation
 k - 3 scrolls of fear
 m - a scroll of poison
 n - 3 scrolls of teleportation
 p - a scroll of fog {unknown}
 t - a scroll of vulnerability {unknown}
Potions
 b - a potion of attraction
 e - a potion of resistance
 g - a potion of brilliance
 l - a potion of curing
 q - a potion of degeneration
 r - a potion of lignification
 v - a potion of flight


   Skills:
 + Level 2.6 Fighting
 + Level 3.1 Polearms
 + Level 4.3 Dodging
 - Level 2.1 Stealth
 + Level 4.5 Spellcasting
 * Level 8.4 Ice Magic


You had 5 spell levels left.
You knew the following spells:

 Your Spells              Type           Power      Damage    Failure   Level
a - Freeze                Ice            100%       1d10      1%          1
d - Summon Ice Beast      Ice/Summ       17%        N/A       28%         4
x - Frozen Ramparts       Ice            60%        1d10      1%          3
z - Ozocubu's Armour      Ice            30%        N/A       1%          3

Your spell library contained the following spells:

 Spells                   Type           Power      Damage    Failure   Level


Dungeon Overview and Level Annotations

Branches:
Dungeon (5/15)             Temple (1/1) D:5

Altars:
Cheibriados
Dithmenos
Elyvilon
Hepliaklqana
Makhleb
Nemelex Xobeh
Okawaru
Ru
Sif Muna
Trog
Uskayaw
Wu Jian
Xom
Yredelemnul
Zin
The Shining One

Shops:
D:4 [   D:5 **

Annotations:
D:5 Grinder


Innate Abilities, Weirdness & Mutations

((You are very nimble when in or above water. (Stealth+, EV+, Speed+++)))
Your lower body shifts to a powerful aquatic tail in water.


Message History

You feel yourself slow down.
Okay, then.
Your icy armour will break if you move.
Continue?
Your icy armour cracks and falls away as you move.
Grinder says, "Just stop there for a second..."
Grinder blinks!
Grinder misses you.
Casting: Frozen Ramparts (safe; 1% risk of failure)
Confirm with . or Enter, or press ? or * to list all spells.
A film of ice covers your body! Grinder gestures at you.
You resist with almost no effort. Grinder closely misses you.
Casting: Ozocubu's Armour (safe; 1% risk of failure)
Confirm with . or Enter, or press ? or * to list all spells.
Casting: Frozen Ramparts (safe; 1% risk of failure)
Press: ? - help, Dir - look around, f - activate The walls around you are covered in ice.
Grinder resists.
The wall freezes Grinder.
Grinder barely misses you.
You closely miss Grinder.
Grinder is severely wounded.
Grinder resists.
The wall freezes Grinder.
Grinder hits you but does no damage.
The wall freezes Grinder but does no damage.
Grinder hits you.
* * * LOW HITPOINT WARNING * * *
You closely miss Grinder.
Grinder is almost dead.
Grinder completely resists.
The wall freezes Grinder but does no damage.
Grinder hits you but does no damage.
Grinder resists.
The wall freezes Grinder.
Grinder barely misses you.
You barely miss Grinder.
Grinder is almost dead.
Grinder completely resists.
The wall freezes Grinder but does no damage.
Grinder gestures at you. Pain shoots through your body!
* * * LOW HITPOINT WARNING * * *
Grinder completely resists.
The wall freezes Grinder but does no damage.
Grinder hits you.
You die...

#.##^.....##.####..
#)#######.##..#.[.#
#.# #...#....## #.#
#..........# ####.#
#...#......# #....#
#...####...#
#....############...##
#....##...............
#...5@..##############
#....#### #....#
#....# ######


You could see Grinder.

Vanquished Creatures
  An orc warrior (D:5)
  2 ogres (D:5)
  A phantom (D:5)
  A bullfrog (D:4)
  A scorpion (D:4)
  3 hounds
  2 jellies
  Jessica (D:2)
  2 orc wizards (D:4)
  Natasha (thrice) (D:2)
  2 iguanas
  4 adders
  3 gnolls (D:3)
  2 white imps (D:5)
  An ufetubus (D:5)
  3 worms
  6 dart slugs
  6 orcs
  8 ball pythons
  7 bats
  5 endoplasms
  4 giant cockroaches
  5 goblins
  6 hobgoblins
  6 quokkas
  5 kobolds
  8 rats
98 creatures vanquished.

Vanquished Creatures (others)
  6 plants (D:5)
6 creatures vanquished.

Grand Total: 104 creatures vanquished

Notes
Turn   | Place    | Note
-------+----------+-------------------------------------------
     0 | D:1      | cheesebisquit the Merfolk Ice Elementalist began the quest
                  | for the Orb.
     0 | D:1      | Reached XP level 1. HP: 13/13 MP: 3/3
   209 | D:1      | Reached XP level 2. HP: 18/19 MP: 3/5
   657 | D:1      | Reached skill level 5 in Ice Magic
   897 | D:1      | Reached XP level 3. HP: 21/24 MP: 3/6
  1133 | D:2      | Found a glowing silver altar of Zin.
  1170 | D:2      | You fall into a shaft and drop 2 floors!
  1193 | D:4      | Reached XP level 4. HP: 8/30 MP: 0/8
  1456 | D:4      | Reached skill level 6 in Ice Magic
  1456 | D:4      | Reached XP level 5. HP: 29/35 MP: 1/9
  2117 | D:2      | Noticed Natasha
  2125 | D:2      | Killed Natasha
  2235 | D:2      | Noticed Natasha
  2240 | D:2      | Killed Natasha
  2241 | D:2      | Reached XP level 6. HP: 38/41 MP: 7/11
  2539 | D:2      | Noticed Natasha
  2548 | D:2      | Killed Natasha
  2549 | D:2      | Reached skill level 7 in Ice Magic
  2609 | D:2      | Noticed Jessica
  2614 | D:2      | Killed Jessica
  4251 | D:4      | Reached skill level 1 in Polearms
  4385 | D:4      | Found Wada's Dragon-Slaying Spoils.
  4494 | D:4      | Reached skill level 1 in Fighting
  4494 | D:4      | Reached XP level 7. HP: 48/48 MP: 8/13
  4739 | D:5      | Entered Level 5 of the Dungeon
  5262 | D:5      | Reached skill level 8 in Ice Magic
  5404 | D:5      | Learned a level 3 spell: Frozen Ramparts
  5408 | D:5      | Learned a level 3 spell: Ozocubu's Armour
  5413 | D:5      | Learned a level 4 spell: Summon Ice Beast
  5490 | D:5      | Found Boedosh's General Store.
  5499 | D:5      | Bought a scroll of identify for 24 gold pieces
  5499 | D:5      | Bought a scroll of identify for 24 gold pieces
  5499 | D:5      | Bought a scroll of identify for 24 gold pieces
  5523 | D:5      | Reached XP level 8. HP: 45/57 MP: 8/14
  5584 | D:5      | Found a staircase to the Ecumenical Temple.
  5654 | Temple   | Entered the Ecumenical Temple
  5765 | D:5      | Found Aplown's Assorted Antiques.
  5775 | D:5      | Bought a scroll of identify for 48 gold pieces
  5775 | D:5      | Bought a scroll of identify for 48 gold pieces
  5891 | D:5      | Noticed Grinder
  5896 | D:5      | Paralysed by Grinder for 3 turns
  5921 | D:5      | Paralysed by Grinder for 2 turns
  5943 | D:5      | Slain by Grinder

Illustrated notes

Levels and vault maps discovered:
D:1:      dpeg_arrival_concentric_ovals, layout_basic, chequers_arboretum,
          st_stairs_6
D:2:      layout_basic, basic_altar, kennysheep_jessica_study, uniq_natasha
D:3:      layout_loops_ring, serial_aquarium, aquarium_bridge_square
          [aquarium_subvault_wall, aquarium_subvault_bridge,
          aquarium_subvault_bridge, aquarium_subvault_balcony],
          aquarium_bridge_long_joined [aquarium_subvault_bridge,
          aquarium_subvault_wall, aquarium_subvault_wall,
          aquarium_subvault_wall, aquarium_subvault_balcony,
          aquarium_subvault_window], aquarium_window_1, aquarium_window_fake,
          aquarium_window_corridor_2, aquarium_window_2, aquarium_view_4,
          aquarium_view_2d, aquarium_pool_corner
D:4:      layout_loops_cross, nicolae_shop_dragon_depot,
          chequers_serial_rivers_large_b
D:5:      layout_rooms, minmay_temple_entry_gardened_gates, serial_shops,
          nicolae_shop_stone, nicolae_lakefront_shop,
          chequers_serial_rivers_micro_a, kennysheep_generic_room_10,
          uniq_grinder
Temple:   hellmonk_temple_of_storms

Skill      XL: |  1  2  3  4  5  6  7  8 |
---------------+-------------------------+-----
Ice Magic      | 5 6 7 8 |  8.4
Spellcasting   | 3 4 |  4.5
Polearms       | 1 2 3 |  3.1
Dodging        | 3 4 |  4.3
Fighting       | 1 2 |  2.6
Stealth        | |  2.1

Action                     |  1- 3 |  4- 6 |  7- 9 || total
---------------------------+-------+-------+-------++-------
  Melee: Unarmed           |     4 |     4 |     2 ||    10
         Trident           |       |     7 |    70 ||    77
         Punch             |       |     1 |       ||     1
   Cast: Freeze            |    42 |   105 |    46 ||   193
         Frozen Ramparts   |       |       |     8 ||     8
         Ozocubu's Armour  |       |       |     5 ||     5
    Use: Potion            |       |     1 |     6 ||     7
         Scroll            |       |       |    10 ||    10
   Stab: Sleeping          |       |     4 |     5 ||     9
         Distracted        |       |       |     1 ||     1
 Armour: Robe              |    11 |    13 |    15 ||    39
         Skin              |       |       |     2 ||     2
  Dodge: Dodged            |    22 |    52 |    69 ||   143

Table legend: (Time is in decaauts)
 A = Elapsed time spent in this place.
 B = Non-inter-level travel time spent in this place.
 C = Inter-level travel time spent in this place.
 D = Time resting spent in this place.
 E = Time spent auto-exploring this place.
 F = Levels seen in this place.
 G = Mean time per level.
                   A        B        C        D        E       F      G
               +--------+--------+--------+--------+--------+-----+--------+
         Total |   5937 |   5580 |    357 |    132 |   4604 |   6 |  989.5 |
       Dungeon |   5896 |   5545 |    351 |    132 |   4582 |   5 | 1179.2 |
        Temple |     40 |     34 |      6 |      0 |     22 |   1 |   40.0 |
               +--------+--------+--------+--------+--------+-----+--------+

Top non-repeatable levels by time:
     D:4: 1287 daAuts
     D:2: 1241 daAuts
     D:1: 1150 daAuts
     D:5: 1120 daAuts
     D:3: 1097 daAuts
  Temple: 40 daAuts
